 Dungeon Crawl Stone Soup version 0.28.0-43-g3370ac3207 (webtiles) character file.

Game seed: 9069603842645857637

84 Zonian the Chiller (level 4, 0/29 (30) HPs)
             Began as a Demonspawn Ice Elementalist on Mar 2, 2022.
             Slain by a hobgoblin
             ... wielding the +5 mace "Hesuq" {drain, rF+}
             ... led by Robin
              (7 damage)
             ... on level 2 of the Dungeon.
             The game lasted 00:03:44 (2907 turns).

Zonian the Chiller (Demonspawn Ice Elementalist)    Turns: 2907, Time: 00:03:45

HP:   0/29 (30)     AC:  5    Str:  8    XL:     4   Next: 23%
MP:   5/8           EV: 12    Int: 19    God:
Gold: 33            SH:  0    Dex: 13    Spells: 7/8 levels left

rFire   . . .      SeeInvis .   f - +0 dagger (venom)
rCold   . . .      Faith    .   (no shield)
rNeg    + . .      Spirit   .   a - +0 robe
rPois   .          Reflect  .   (helmet restricted)
rElec   .          Harm     .   (no cloak)
rCorr   .          Rampage  .   c - +0 pair of gloves
Will    .....                   (no boots)
Stlth   ++........              (no amulet)
HPRegen 0.09/turn               b - ring of positive energy
MPRegen 0.11/turn               (no ring)

@: lightly drained
A: antennae 1, thin metallic scales 1, demonic magic 1
a: no special abilities


You were on level 2 of the Dungeon.
You visited 1 branch of the dungeon, and saw 2 of its levels.

You collected 33 gold pieces.

Inventory:

Hand Weapons
 f - a +0 dagger of venom (weapon)
Armour
 a - a +0 robe (worn)
 c - a +0 pair of gloves (worn)
 h - a +1 leather armour of fire resistance
Jewellery
 b - a ring of positive energy (left hand)
Scrolls
 d - a scroll of noise {unknown}
 e - a scroll of torment {unknown}
 k - a scroll of blinking {unknown}
 l - a scroll of silence {unknown}
Potions
 g - a potion of curing {unknown}
 i - a potion of lignification {unknown}
 j - a potion of degeneration {unknown}


   Skills:
 + Level 2.6 Dodging
 + Level 2.7 Stealth
 + Level 2.6 Spellcasting
 + Level 4.0 Ice Magic


You had 7 spell levels left.
You knew the following spells:

 Your Spells              Type           Power      Damage    Failure   Level
a - Freeze                Ice            68%        1d8       3%          1

Your spell library contained the following spells:

 Spells                   Type           Power      Damage    Failure   Level
 Frozen Ramparts          Ice            34%        1d5       9%          3
 Ozocubu's Armour         Ice            17%        N/A       9%          3
 Hailstorm                Conj/Ice       10%        3d5       56%         4


Dungeon Overview and Level Annotations

Branches:
Dungeon (2/15)

Altars:


Innate Abilities, Weirdness & Mutations

You have a pair of small antennae on your head.
You are partially covered in thin metallic scales. (AC +2)
Spells you cast may paralyse adjacent enemies.


Message History

Items here: ) [[ †.
You barely miss the goblin.
The goblin no longer looks unusually strong. x2
The goblin hits you but does no damage. The goblin barely misses you.
The goblin hits you with a +0 club.
Unknown command.
Casting: Freeze (safe; 3% risk of failure)
Confirm with . or Enter, or press ? or * to list all spells.
Aiming: Freeze (safe; 3% risk of failure)
Press: ? - help, Shift-Dir - straight line, f - goblin, p - goblin
Aim: a goblin, wielding a +0 club You freeze the goblin.
You kill the goblin!
Malevolent energies surge around you.
The goblin suddenly stops moving!
The goblin hits you with a +0 club.
Things that are here:
a +0 club; a goblin corpse The goblin is no longer paralysed.
Unknown command.
You hit the goblin but do no damage.
The goblin is poisoned.
The hobgoblin no longer looks unusually strong.
The goblin closely misses you.
You hit the goblin but do no damage. The goblin misses you.
Unknown command.
You barely miss the goblin.
The goblin is moderately wounded.
The goblin hits you with a +0 club.
You barely miss the goblin.
The goblin is moderately wounded.
You kill the goblin!
Unknown command.
You hit the hobgoblin but do no damage.
The hobgoblin is poisoned.
The hobgoblin hits you with the +5 mace "Hesuq" {drain, rF+}.
* * * LOW HITPOINT WARNING * * *
You partially resist.
You feel drained.
You hit the hobgoblin but do no damage.
The hobgoblin looks as sick as possible!
The hobgoblin is lightly wounded.
The hobgoblin hits you with the +5 mace "Hesuq" {drain, rF+}!
You die... #..##.#..............)........#.. .)........................#.#.... ##<####.............#.......###.. #.# ######...######..)##### #.. ... ###...### ###.# ### ##... #..ggggg#

#.# #.##.
#.#..{#g# #.#
.g# g#
#.#.g.#g#
#.###### # ..#
g g..>##@#
#......# # ...
# #.#####.#
#.####.#### #.
#.#
####.##.......
# ..#
#.......#.####
.##
#.##......# #
#. # ####.###
# .. #.# # #.
#.# #.#


You could see a hobgoblin (extremely poisoned) and 3 goblins.

Vanquished Creatures
  Robin (D:2)
  4 adders
  A dart slug (D:1)
  A ball python (D:2)
  2 bats (D:1)
  3 endoplasms
  2 giant cockroaches (D:1)
  4 goblins (D:2)
  4 hobgoblins
  4 jackals (D:1)
  3 kobolds
  4 frilled lizards (D:1)
  3 rats
36 creatures vanquished.

Notes
Turn   | Place    | Note
-------+----------+-------------------------------------------
     0 | D:1      | Zonian the Demonspawn Ice Elementalist began the quest for
                  | the Orb.
     0 | D:1      | Reached XP level 1. HP: 13/13 MP: 3/3
   794 | D:1      | Gained mutation: You are partially covered in thin metallic
                  | scales. (AC +2) [demonic ancestry]
   794 | D:1      | Reached XP level 2. HP: 2/19 MP: 0/5
  1858 | D:1      | Gained mutation: Spells you cast may paralyse adjacent
                  | enemies. [demonic ancestry]
  1858 | D:1      | Reached XP level 3. HP: 19/24 MP: 3/6
  2430 | D:2      | Noticed Robin
  2491 | D:2      | Reached skill level 4 in Ice Magic
  2559 | D:2      | Gained mutation: You have a pair of small antennae on your
                  | head. [demonic ancestry]
  2559 | D:2      | Reached XP level 4. HP: 21/30 MP: 4/7
  2881 | D:2      | Identified the +5 mace "Hesuq" {drain, rF+}
  2890 | D:2      | Killed Robin
  2907 | D:2      | Slain by a hobgoblin

Illustrated notes

Levels and vault maps discovered:
D:1:      kilobyte_arrival_exit_the_forest, layout_rooms
D:2:      layout_loops_cross, ebering_ecumenical_altar_hall, minmay_circle_x,
          uniq_robin

Skill      XL: |  1  2  3 |
---------------+----------+-----
Dodging        | 2 |  2.6
Stealth        | 2 |  2.7
Ice Magic      | 4 |  4.0
Spellcasting   | |  2.6

Action                   |  1- 3 |  4- 6 || total
-------------------------+-------+-------++-------
Melee: Unarmed           |    26 |       ||    26
       Punch             |     1 |       ||     1
       Dagger            |    55 |    18 ||    73
 Cast: Freeze            |    27 |     3 ||    30
  Use: Scroll            |     1 |       ||     1
 Stab: Sleeping          |     1 |       ||     1
       Paralysed         |     1 |     2 ||     3
Armor: Robe              |    28 |     4 ||    32
Dodge: Dodged            |    67 |     8 ||    75
